 Dungeon Crawl Stone Soup version 0.17-a0-1970-g7a13dd1 (webtiles) character file.

114 Shim the Grasshopper (level 4, -3/29 HPs)
             Began as a High Elf Warper on Oct 4, 2015.
             Was a Follower of Nemelex Xobeh.
             Killed by nerve-wracking pain
             ... invoked by Grinder
              (12 damage)
             ... while paralysed by Grinder
             ... on level 3 of the Dungeon.
             The game lasted 00:28:39 (3219 turns).

Shim the Grasshopper (High Elf Warper)              Turns: 3219, Time: 00:28:40

Health: -3/29      AC:  8    Str: 10    XL:     4   Next: 67%
Magic:  7/9        EV:  2    Int: 18    God:    Nemelex Xobeh [*.....]
Gold:   184        SH:  0    Dex: 14    Spells: 4 memorised, 1 level left

rFire  . . .     SeeInvis .     a - +0 short sword
rCold  . . .     Clarity  .     b - +0 leather armour
rNeg   . . .     SustAt   .     q - +0 buckler
rPois  .         Gourm    .     j - +1 helmet
rElec  .         Spirit   .     s - +0 cloak
rCorr  .         Warding  .     t - +0 pair of gloves
rMut   .         Rnd*Tele +     E - +0 pair of boots
MR     .....                    (no amulet)
Stlth  +.........               (no ring)
                                F - ring of teleportation

@: paralysed, very slightly contaminated, not resistant to hostile enchantments,
very unstealthy
A: no striking features
a: Renounce Religion, Evoke Teleportation


You were on level 3 of the Dungeon.
You worshipped Nemelex Xobeh.
Nemelex Xobeh was aware of your devotion.
You were not hungry.

You visited 1 branch of the dungeon, and saw 3 of its levels.

You collected 184 gold pieces.

Inventory:

Hand weapons
 a - a +0 short sword (weapon)
Missiles
 e - 3 tomahawks of dispersal (quivered)
 f - a throwing net
Armour
 b - a +0 leather armour (worn)
 j - a +1 helmet (worn)
 q - a +0 buckler (worn)
 s - a +0 cloak (worn)
 t - a +0 pair of gloves (worn)
 E - a +0 pair of boots (worn)
Jewellery
 F - a ring of teleportation (left hand)
Magical devices
 w - a wand of random effects (35)
 z - a wand of digging (23)
 B - a wand of draining (8)
Scrolls
 d - 2 scrolls of blinking
 g - 2 scrolls of teleportation
 m - a scroll of recharging
 n - 3 scrolls of identify
 y - 3 scrolls of remove curse
 C - a scroll of enchant armour {unknown}
Potions
 k - a potion of brilliance {unknown}
 l - 2 potions of curing {unknown}
 o - a potion of agility {unknown}
 p - a potion of beneficial mutation {unknown}
 u - 2 potions of magic {unknown}
 v - a potion of poison {unknown}
 D - a potion of haste {unknown}
Books
 c - a book of Spatial Translocations

   Spells                             Type                      Level
   a - Apportation                    Translocation                1
   b - Blink                          Translocation                2
   c - Shroud of Golubria             Charms/Translocation         2
   d - Portal Projectile              Translocation                3
   e - Teleport Other                 Translocation                3
   f - Passage of Golubria            Translocation                4
Miscellaneous
 x - a plain deck of destruction {drawn: 3}
 G - a plain deck of escape
Comestibles
 h - a meat ration
 i - a slice of pizza
 A - 3 bread rations


   Skills:
 + Level 2.2 Fighting
 + Level 3.2 Short Blades
 + Level 1.1 Throwing
 + Level 2.0 Armour
 + Level 3.4 Dodging
 + Level 0.1 Shields
 + Level 3.0 Spellcasting
 + Level 0.5 Charms
 + Level 3.5 Translocations


You had one spell level left.
You knew the following spells:

 Your Spells              Type           Power        Failure   Level  Hunger
a - Apportation           Tloc           ###.......   12%         1    None
b - Blink                 Tloc           N/A          14%         2    ##.....
c - Shroud of Golubria    Chrm/Tloc      ##........   28%         2    ##.....
d - Teleport Other        Tloc           ###.....     28%         3    ###....


Dungeon Overview and Level Annotations

Branches:
Dungeon (3/15)

Altars:
Nemelex Xobeh
Xom

Annotations:
D:3 Grinder


Message History

You hit Grinder.
Grinder is heavily wounded.
Your shroud unravels.
Grinder gestures at you. You resist with significant effort.
You hit Grinder.
Grinder is heavily wounded.
Grinder hits you!
You writhe in agony.
Grinder gestures at you. You resist with significant effort.
Grinder gestures at you.
You suddenly lose the ability to move!
Grinder gestures at you.
You barely resist. Grinder hits you!
You writhe in agony.
You writhe in agony.
Grinder hits you but does no damage. Grinder gestures at you.
Pain shoots through your body!
You die...
Your body glows slightly and disappears.

#........#.# #..........#
##.####.#.#.# #....#######
#.........#.#############
#####............# ......
#............##......
#....................
#...........†.......#
#........##.........#
#...(....@5.........#
#........##.........#
###......#..........#
#.####.#..........## #.#
##.#...........# #######.#
#..............# #....##.#
#........#.....# #....##.#
#..............#
#....##.###....#.........####


You could see Grinder.

Vanquished Creatures
  An orc wizard (D:3)
  A hound skeleton (D:3)
  2 adders (D:3)
  An ooze (D:1)
  2 giant geckos (D:1)
  4 orcs (D:3)
  9 bats
  A giant cockroach (D:2)
  8 goblins
  5 hobgoblins
  A jackal (D:1)
  A ball python (D:1)
  4 giant newts
  7 kobolds
  5 rats
52 creatures vanquished.

Vanquished Creatures (others)
  A butterfly (D:2)
1 creature vanquished.

Grand Total: 53 creatures vanquished

Notes
Turn   | Place    | Note
--------------------------------------------------------------
     0 | D:1      | Shim the High Elf Warper began the quest for the Orb.
     0 | D:1      | Reached XP level 1. HP: 14/14 MP: 4/4
   109 | D:1      | Reached XP level 2. HP: 16/19 MP: 6/6
   113 | D:1      | Learned a level 2 spell: Blink
   116 | D:1      | Learned a level 2 spell: Shroud of Golubria
   198 | D:1      | Reached skill level 1 in Armour
  1327 | D:2      | Found a sparkling altar of Nemelex Xobeh.
  1330 | D:2      | Found a shimmering altar of Xom.
  1340 | D:2      | Became a worshipper of Nemelex Xobeh the Trickster
  1385 | D:2      | Received a gift from Nemelex Xobeh
  1428 | D:2      | Reached XP level 3. HP: 24/24 MP: 8/8
  2134 | D:3      | Reached XP level 4. HP: 25/29 MP: 9/9
  2344 | D:3      | Learned a level 3 spell: Teleport Other
  2701 | D:3      | Noticed Grinder
  2718 | D:3      | Paralysed by Grinder for 5 turns
  2732 | D:3      | Paralysed by Grinder for 3 turns
  3064 | D:3      | Received a gift from Nemelex Xobeh
  3197 | D:3      | Paralysed by Grinder for 5 turns
  3213 | D:3      | Paralysed by Grinder for 7 turns
  3219 | D:3      | Killed from afar by Grinder

Vault maps used:
D:1:      dpeg_arrival_sounds_slurp, minivault_11, hangedman_decor_growths,
          serial_bayou_ford_a, feat_on_display
D:2:      xom_butterflies, old_standard_altar, first_bread
D:3:      forest_paths, uniq_grinder

Action                   |  1- 3 |  4- 6 || total
-------------------------+-------+-------++-------
Melee: Short sword       |   184 |    98 ||   282
Throw: Tomahawk          |     2 |       ||     2
 Cast: Shroud of Golubri |     4 |     2 ||     6
       Blink             |     3 |       ||     3
       Apportation       |     1 |       ||     1
       Teleport Other    |       |     3 ||     3
Evoke: Wand              |     2 |       ||     2
       Deck              |     1 |     2 ||     3
  Use: Scroll            |       |     6 ||     6
 Stab: Sleeping          |       |     1 ||     1
  Eat: Bread ration      |     1 |     1 ||     2
